 Dungeon Crawl Stone Soup version 0.23.2-40-g277498a001 (webtiles) character file.

Game seed: 7184162810955233699

941 Curus the Martial Artist (level 8, -11/54 HPs)
             Began as a Merfolk Transmuter on Sept 21, 2019.
             Mangled by an ice beast (12 damage)
             ... on level 5 of the Dungeon.
             The game lasted 00:18:56 (4787 turns).

Curus the Martial Artist (Merfolk Transmuter)       Turns: 4787, Time: 00:18:56

Health: -11/54     AC:  4    Str: 10    XL:     8   Next: 12%
Magic:  11/11      EV: 12    Int: 14    God:
Gold:   209        SH:  0    Dex: 15    Spells: 7/11 levels left

rFire    + . .     SeeInvis .     - Unarmed
rCold    . . .     Gourm    .   (no shield)
rNeg     . . .     Faith    .   j - +0 leather armour {rF+}
rPois    .         Spirit   .   (no helmet)
rElec    .         Reflect  .   k - scarf {repulsion}
rCorr    .         Harm     .   (no gloves)
MR       .....                  h - +0 pair of boots
Stlth    +.........             (no amulet)
HPRegen  0.18/turn              (no ring)
MPRegen  0.12/turn              (no ring)

@: lightly drained, repel missiles
A: change form in water, swift swim, stealthy swim
a: no special abilities


You were on level 5 of the Dungeon.
You were not hungry.

You visited 1 branch of the dungeon, and saw 5 of its levels.

You collected 209 gold pieces.

Inventory:

Missiles
 a - 32 arrows
Armour
 b - a +1 robe
 f - a +0 buckler
 g - a +0 helmet
 h - a +0 pair of boots (worn)
 j - a +0 leather armour of fire resistance (worn)
 k - a scarf of repulsion (worn)
Wands
 l - a wand of flame (10)
Scrolls
 i - 4 scrolls of teleportation
 m - 2 scrolls of identify
Potions
 c - 2 potions of degeneration
 e - 2 potions of heal wounds
Comestibles
 d - 7 rations


   Skills:
 - Level 1.1(0.8) Fighting
 - Level 2.6(2.4) Dodging
 + Level 9.1(8.8) Unarmed Combat
 - Level 2.0(1.7) Spellcasting
 - Level 5.1(4.8) Transmutations
 - Level 3.3(3.0) Poison Magic


You had 7 spell levels left.
You knew the following spells:

 Your Spells              Type           Power        Failure   Level  Hunger
a - Beastly Appendage     Tmut           ##....       4%          1    ##.....
b - Spider Form           Tmut/Pois      ##........   21%         3    ####...

Your spell library contained the following spells:

 Spells                   Type           Power        Failure   Level  Hunger
 Sticks to Snakes         Tmut           ##......     7%          2    ###....
 Ice Form                 Ice/Tmut       #.......     77%         4    #####..
 Blade Hands              Tmut           ##........   78%         5    ######.


Dungeon Overview and Level Annotations

Branches:
Dungeon (5/15)
 Temple: D:4-7

Altars:
Elyvilon
Fedhas
Hepliaklqana
Makhleb
Nemelex Xobeh
Trog
Wu Jian
Xom
Zin
The Shining One

Shops:
D:4 (([(

Annotations:
D:4 3 runed translucent doors, bildradio's ghost, amateur GrEE


Message History

The ice beast is heavily wounded.
You closely miss the ice beast.
The ice beast is heavily wounded.
The ice beast hits you. The ice beast freezes you!
You hit the ice beast but do no damage.
The ice beast is heavily wounded.
The ice beast hits you.
* * * LOW HITPOINT WARNING * * *
The ice beast freezes you!
* * * LOW HITPOINT WARNING * * *
Evoke which item? (* to show all) (? for menu, Esc to quit)
Aiming: Throw Flame
Press: ? - help, Shift-Dir - straight line, f/p - ice beast
Aim: an ice beast (heavily wounded)
The puff of flame hits the ice beast.
The ice beast is severely wounded.
The ice beast hits you.
* * * LOW HITPOINT WARNING * * *
The ice beast freezes you!
You die...

.......)..)<.......
.................##
................##
................##
.................##
....>.............#
...................
.............###...
.........@........
.......Y#######..
....... ## .......
## ....##. _+ ...#
#. (.# #. .. ..


You could see an ice beast.

Vanquished Creatures
  Sigmund (D:3)
  An ogre (D:2)
  A phantom (D:4)
  A scorpion (D:4)
  A howler monkey (D:4)
  A bullfrog skeleton (D:4)
  An orc wizard (D:4)
  Crazy Yiuf (D:3)
  Natasha (thrice) (D:3)
  Terence (D:3)
  2 worker ants
  Robin (D:2)
  4 gnolls
  5 adders
  4 oozes
  An adder skeleton (D:4)
  3 worms (D:2)
  2 dart slugs
  4 leopard geckos
  17 orcs
  3 ball pythons
  4 giant cockroaches
  18 goblins
  10 hobgoblins
  24 jackals
  13 kobolds
  5 quokkas
  9 bats
  4 frilled lizards
  6 rats
  A fungus (D:3)
152 creatures vanquished.

Vanquished Creatures (others)
  2 fungi (D:4)
  2 plants (D:4)
4 creatures vanquished.

Grand Total: 156 creatures vanquished

Notes
Turn   | Place    | Note
-------+----------+-------------------------------------------
     0 | D:1      | Curus the Merfolk Transmuter began the quest for the Orb.
     0 | D:1      | Reached XP level 1. HP: 15/15 MP: 3/3
    31 | D:1      | Reached XP level 2. HP: 21/21 MP: 3/5
    65 | D:1      | Reached skill level 4 in Unarmed Combat
   443 | D:1      | Reached XP level 3. HP: 25/26 MP: 4/6
   448 | D:1      | Learned a level 3 spell: Spider Form
   603 | D:1      | Reached skill level 1 in Poison Magic
  1128 | D:2      | Found an ornate altar of the Wu Jian Council.
  1129 | D:2      | Found a white marble altar of Elyvilon.
  1129 | D:2      | Found a glowing silver altar of Zin.
  1278 | D:2      | Noticed Robin
  1284 | D:2      | Reached XP level 4. HP: 10/32 MP: 3/7
  1303 | D:2      | Killed Robin
  2019 | D:2      | Noticed an ogre
  2030 | D:2      | Killed an ogre
  2030 | D:2      | Reached skill level 5 in Transmutations
  2030 | D:2      | Reached XP level 5. HP: 27/37 MP: 4/8
  2031 | D:2      | Found a burning altar of Makhleb.
  2316 | D:3      | Noticed Natasha
  2320 | D:3      | Killed Natasha
  2320 | D:3      | Reached skill level 5 in Unarmed Combat
  2320 | D:3      | Reached XP level 6. HP: 20/43 MP: 5/9
  2368 | D:3      | Noticed Terence
  2374 | D:3      | Killed Terence
  2766 | D:3      | Noticed Sigmund
  2781 | D:3      | Killed Sigmund
  2781 | D:3      | Reached skill level 6 in Unarmed Combat
  2781 | D:3      | Reached XP level 7. HP: 45/48 MP: 6/10
  2877 | D:3      | Noticed Natasha
  2893 | D:3      | Killed Natasha
  2899 | D:3      | Noticed Natasha
  2908 | D:3      | Killed Natasha
  2908 | D:3      | Reached skill level 7 in Unarmed Combat
  3205 | D:3      | Found a hazy altar of Hepliaklqana.
  3205 | D:3      | Found a blossoming altar of Fedhas.
  3206 | D:3      | Found a shimmering altar of Xom.
  3391 | D:3      | Found a runed translucent door.
  3392 | D:3      | Noticed Crazy Yiuf
  3400 | D:3      | Killed Crazy Yiuf
  3522 | D:4      | Found a runed translucent gate.
  3522 | D:4      | Found a runed translucent gate.
  3522 | D:4      | Noticed bildradio's ghost (amateur GrEE)
  3823 | D:4      | Found a runed translucent gate.
  3828 | D:4      | Found Noocafap's Antique Armour Shop.
  3976 | D:4      | Found Esawuotz's Antique Weapon Emporium.
  4029 | D:4      | Found a glowing golden altar of the Shining One.
  4050 | D:4      | Reached skill level 8 in Unarmed Combat
  4069 | D:4      | Found a burning altar of Makhleb.
  4132 | D:4      | Found Plog's Antique Weapon Boutique.
  4179 | D:4      | Found Kaudaro's Antique Weapon Shoppe.
  4213 | D:4      | Reached XP level 8. HP: 34/54 MP: 9/11
  4283 | D:4      | Found a sparkling altar of Nemelex Xobeh.
  4495 | D:5      | Entered Level 5 of the Dungeon
  4512 | D:5      | Reached skill level 9 in Unarmed Combat
  4776 | D:5      | Found a bloodstained altar of Trog.
  4787 | D:5      | HP: 1/54 [ice beast (3)]
  4787 | D:5      | Mangled by an ice beast

Skill      XL: |  1  2  3  4  5  6  7  8 |
---------------+-------------------------+-----
Unarmed Combat | 4 5 6 8 9 |  9.1
Transmutations | 3 5 |  5.1
Poison Magic   | 1 3 |  3.3
Fighting       | |  1.1
Dodging        | |  2.6
Spellcasting   | |  2.0

Action                   |  1- 3 |  4- 6 |  7- 9 || total
-------------------------+-------+-------+-------++-------
Melee: Unarmed           |   150 |   183 |   174 ||   507
       Punch             |     3 |     1 |     1 ||     5
       Headbutt          |     6 |     8 |    10 ||    24
 Cast: Beastly Appendage |    10 |    10 |    11 ||    31
       Spider Form       |     2 |     4 |     5 ||    11
Evoke: Wand              |       |       |     2 ||     2
  Use: Scroll            |     5 |     1 |     1 ||     7
       Potion            |     2 |     2 |       ||     4
 Stab: Sleeping          |     1 |     2 |       ||     3
  Eat: Chunk             |     2 |     5 |     8 ||    15
Armor: Robe              |    26 |    18 |       ||    44
       Leather armour    |       |     6 |    34 ||    40
       Skin              |       |     2 |     2 ||     4
Dodge: Dodged            |   127 |   141 |   133 ||   401
       Deflected         |       |       |     1 ||     1
